Workbook

Sheet How to Use
B1: Annual Budget vs. Actual
B2: Bean Counter Buddy · Free template
B4: Build a 12-month budget, enter actuals as each month closes, and get automatic monthly and year-to-date variances plus a rolling reforecast (actuals for closed months + budget for the rest).
B6: HOW TO USE
A7: 1. | B7: Budget tab: enter the year and monthly budget for each line. Use the Annual Total + spread helper if you'd rather budget annually.
A8: 2. | B8: Actual tab: enter actual results each month after close.
A9: 3. | B9: Variance tab: set 'Actuals through month' (1–12). Monthly and YTD variances calculate automatically.
A10: 4. | B10: Reforecast tab: shows the projected full year — actuals for closed months, budget for the remaining months.
B12: COLOR KEY
B13: Blue text on yellow = input cells you fill in
B14: Black text = formulas that calculate automatically (no need to edit)
B16: NOTES
B17: Variance sign: Actual − Budget. Positive is favorable for revenue and unfavorable for costs.
B19: This template is provided for general informational purposes and is not tax, legal, or accounting advice. Confirm rates and rules with your CPA or the relevant agency before relying on them.

Sheet Budget
A1: Annual Budget
A2: Bean Counter Buddy
A3: Legend: | B3: Input (edit me) | C3: Formula (auto)
A5: Budget year | B5: 2027
O6: Enter annual $ to spread evenly — or overwrite any month
A7: ($) | B7: Jan | C7: Feb | D7: Mar | E7: Apr | F7: May | G7: Jun | H7: Jul | I7: Aug | J7: Sep | K7: Oct | L7: Nov | M7: Dec | N7: FY Total | O7: Annual Spread Helper
A8: REVENUE
A9: Service Revenue | B9: =IF($O9<>"",$O9/12,0) -> 90000 | C9: =IF($O9<>"",$O9/12,0) -> 90000 | D9: =IF($O9<>"",$O9/12,0) -> 90000 | E9: =IF($O9<>"",$O9/12,0) -> 90000 | F9: =IF($O9<>"",$O9/12,0) -> 90000 | G9: =IF($O9<>"",$O9/12,0) -> 90000 | H9: =IF($O9<>"",$O9/12,0) -> 90000 | I9: =IF($O9<>"",$O9/12,0) -> 90000 | ... M9: =IF($O9<>"",$O9/12,0) -> 90000 | N9: =SUM(B9:M9) -> 1080000 | O9: 1080000
A10: Other Revenue | B10: =IF($O10<>"",$O10/12,0) -> 0 | C10: =IF($O10<>"",$O10/12,0) -> 0 | D10: =IF($O10<>"",$O10/12,0) -> 0 | E10: =IF($O10<>"",$O10/12,0) -> 0 | F10: =IF($O10<>"",$O10/12,0) -> 0 | G10: =IF($O10<>"",$O10/12,0) -> 0 | H10: =IF($O10<>"",$O10/12,0) -> 0 | I10: =IF($O10<>"",$O10/12,0) -> 0 | ... M10: =IF($O10<>"",$O10/12,0) -> 0 | N10: =SUM(B10:M10) -> 0
A11: Total Revenue | B11: =SUM(B9:B10) -> 90000 | C11: =SUM(C9:C10) -> 90000 | D11: =SUM(D9:D10) -> 90000 | E11: =SUM(E9:E10) -> 90000 | F11: =SUM(F9:F10) -> 90000 | G11: =SUM(G9:G10) -> 90000 | H11: =SUM(H9:H10) -> 90000 | I11: =SUM(I9:I10) -> 90000 | ... N11: =SUM(N9:N10) -> 1080000
A13: COST OF SALES
A14: Direct Labor | B14: =IF($O14<>"",$O14/12,0) -> 36000 | C14: =IF($O14<>"",$O14/12,0) -> 36000 | D14: =IF($O14<>"",$O14/12,0) -> 36000 | E14: =IF($O14<>"",$O14/12,0) -> 36000 | F14: =IF($O14<>"",$O14/12,0) -> 36000 | G14: =IF($O14<>"",$O14/12,0) -> 36000 | H14: =IF($O14<>"",$O14/12,0) -> 36000 | I14: =IF($O14<>"",$O14/12,0) -> 36000 | ... M14: =IF($O14<>"",$O14/12,0) -> 36000 | N14: =SUM(B14:M14) -> 432000 | O14: 432000
A15: Subcontractors / Materials | B15: =IF($O15<>"",$O15/12,0) -> 9000 | C15: =IF($O15<>"",$O15/12,0) -> 9000 | D15: =IF($O15<>"",$O15/12,0) -> 9000 | E15: =IF($O15<>"",$O15/12,0) -> 9000 | F15: =IF($O15<>"",$O15/12,0) -> 9000 | G15: =IF($O15<>"",$O15/12,0) -> 9000 | H15: =IF($O15<>"",$O15/12,0) -> 9000 | I15: =IF($O15<>"",$O15/12,0) -> 9000 | ... M15: =IF($O15<>"",$O15/12,0) -> 9000 | N15: =SUM(B15:M15) -> 108000 | O15: 108000
A16: Total Cost Of Sales | B16: =SUM(B14:B15) -> 45000 | C16: =SUM(C14:C15) -> 45000 | D16: =SUM(D14:D15) -> 45000 | E16: =SUM(E14:E15) -> 45000 | F16: =SUM(F14:F15) -> 45000 | G16: =SUM(G14:G15) -> 45000 | H16: =SUM(H14:H15) -> 45000 | I16: =SUM(I14:I15) -> 45000 | ... N16: =SUM(N14:N15) -> 540000
A18: OPERATING EXPENSES
A19: Salaries & Wages | B19: =IF($O19<>"",$O19/12,0) -> 18000 | C19: =IF($O19<>"",$O19/12,0) -> 18000 | D19: =IF($O19<>"",$O19/12,0) -> 18000 | E19: =IF($O19<>"",$O19/12,0) -> 18000 | F19: =IF($O19<>"",$O19/12,0) -> 18000 | G19: =IF($O19<>"",$O19/12,0) -> 18000 | H19: =IF($O19<>"",$O19/12,0) -> 18000 | I19: =IF($O19<>"",$O19/12,0) -> 18000 | ... M19: =IF($O19<>"",$O19/12,0) -> 18000 | N19: =SUM(B19:M19) -> 216000 | O19: 216000
A20: Payroll Taxes & Benefits | B20: =IF($O20<>"",$O20/12,0) -> 4300 | C20: =IF($O20<>"",$O20/12,0) -> 4300 | D20: =IF($O20<>"",$O20/12,0) -> 4300 | E20: =IF($O20<>"",$O20/12,0) -> 4300 | F20: =IF($O20<>"",$O20/12,0) -> 4300 | G20: =IF($O20<>"",$O20/12,0) -> 4300 | H20: =IF($O20<>"",$O20/12,0) -> 4300 | I20: =IF($O20<>"",$O20/12,0) -> 4300 | ... M20: =IF($O20<>"",$O20/12,0) -> 4300 | N20: =SUM(B20:M20) -> 51600 | O20: 51600
A21: Rent | B21: =IF($O21<>"",$O21/12,0) -> 4500 | C21: =IF($O21<>"",$O21/12,0) -> 4500 | D21: =IF($O21<>"",$O21/12,0) -> 4500 | E21: =IF($O21<>"",$O21/12,0) -> 4500 | F21: =IF($O21<>"",$O21/12,0) -> 4500 | G21: =IF($O21<>"",$O21/12,0) -> 4500 | H21: =IF($O21<>"",$O21/12,0) -> 4500 | I21: =IF($O21<>"",$O21/12,0) -> 4500 | ... M21: =IF($O21<>"",$O21/12,0) -> 4500 | N21: =SUM(B21:M21) -> 54000 | O21: 54000
A22: Marketing | B22: =IF($O22<>"",$O22/12,0) -> 2500 | C22: =IF($O22<>"",$O22/12,0) -> 2500 | D22: =IF($O22<>"",$O22/12,0) -> 2500 | E22: =IF($O22<>"",$O22/12,0) -> 2500 | F22: =IF($O22<>"",$O22/12,0) -> 2500 | G22: =IF($O22<>"",$O22/12,0) -> 2500 | H22: =IF($O22<>"",$O22/12,0) -> 2500 | I22: =IF($O22<>"",$O22/12,0) -> 2500 | ... M22: =IF($O22<>"",$O22/12,0) -> 2500 | N22: =SUM(B22:M22) -> 30000 | O22: 30000
A23: Software | B23: =IF($O23<>"",$O23/12,0) -> 1800 | C23: =IF($O23<>"",$O23/12,0) -> 1800 | D23: =IF($O23<>"",$O23/12,0) -> 1800 | E23: =IF($O23<>"",$O23/12,0) -> 1800 | F23: =IF($O23<>"",$O23/12,0) -> 1800 | G23: =IF($O23<>"",$O23/12,0) -> 1800 | H23: =IF($O23<>"",$O23/12,0) -> 1800 | I23: =IF($O23<>"",$O23/12,0) -> 1800 | ... M23: =IF($O23<>"",$O23/12,0) -> 1800 | N23: =SUM(B23:M23) -> 21600 | O23: 21600
A24: Professional Fees | B24: =IF($O24<>"",$O24/12,0) -> 1500 | C24: =IF($O24<>"",$O24/12,0) -> 1500 | D24: =IF($O24<>"",$O24/12,0) -> 1500 | E24: =IF($O24<>"",$O24/12,0) -> 1500 | F24: =IF($O24<>"",$O24/12,0) -> 1500 | G24: =IF($O24<>"",$O24/12,0) -> 1500 | H24: =IF($O24<>"",$O24/12,0) -> 1500 | I24: =IF($O24<>"",$O24/12,0) -> 1500 | ... M24: =IF($O24<>"",$O24/12,0) -> 1500 | N24: =SUM(B24:M24) -> 18000 | O24: 18000
A25: Insurance | B25: =IF($O25<>"",$O25/12,0) -> 900 | C25: =IF($O25<>"",$O25/12,0) -> 900 | D25: =IF($O25<>"",$O25/12,0) -> 900 | E25: =IF($O25<>"",$O25/12,0) -> 900 | F25: =IF($O25<>"",$O25/12,0) -> 900 | G25: =IF($O25<>"",$O25/12,0) -> 900 | H25: =IF($O25<>"",$O25/12,0) -> 900 | I25: =IF($O25<>"",$O25/12,0) -> 900 | ... M25: =IF($O25<>"",$O25/12,0) -> 900 | N25: =SUM(B25:M25) -> 10800 | O25: 10800
A26: Other Operating | B26: =IF($O26<>"",$O26/12,0) -> 1000 | C26: =IF($O26<>"",$O26/12,0) -> 1000 | D26: =IF($O26<>"",$O26/12,0) -> 1000 | E26: =IF($O26<>"",$O26/12,0) -> 1000 | F26: =IF($O26<>"",$O26/12,0) -> 1000 | G26: =IF($O26<>"",$O26/12,0) -> 1000 | H26: =IF($O26<>"",$O26/12,0) -> 1000 | I26: =IF($O26<>"",$O26/12,0) -> 1000 | ... M26: =IF($O26<>"",$O26/12,0) -> 1000 | N26: =SUM(B26:M26) -> 12000 | O26: 12000
A27: Total Operating Expenses | B27: =SUM(B19:B26) -> 34500 | C27: =SUM(C19:C26) -> 34500 | D27: =SUM(D19:D26) -> 34500 | E27: =SUM(E19:E26) -> 34500 | F27: =SUM(F19:F26) -> 34500 | G27: =SUM(G19:G26) -> 34500 | H27: =SUM(H19:H26) -> 34500 | I27: =SUM(I19:I26) -> 34500 | ... N27: =SUM(N19:N26) -> 414000
A29: GROSS PROFIT | B29: =B11-B16 -> 45000 | C29: =C11-C16 -> 45000 | D29: =D11-D16 -> 45000 | E29: =E11-E16 -> 45000 | F29: =F11-F16 -> 45000 | G29: =G11-G16 -> 45000 | H29: =H11-H16 -> 45000 | I29: =I11-I16 -> 45000 | ... N29: =N11-N16 -> 540000
A30: NET OPERATING INCOME | B30: =B29-B27 -> 10500 | C30: =C29-C27 -> 10500 | D30: =D29-D27 -> 10500 | E30: =E29-E27 -> 10500 | F30: =F29-F27 -> 10500 | G30: =G29-G27 -> 10500 | H30: =H29-H27 -> 10500 | I30: =I29-I27 -> 10500 | ... N30: =N29-N27 -> 126000

Sheet Actual
A1: Actual Results
A2: Bean Counter Buddy
A3: Legend: | B3: Input (edit me) | C3: Formula (auto)
A5: Year | B5: =Budget!B5 -> 2027
A7: ($) | B7: Jan | C7: Feb | D7: Mar | E7: Apr | F7: May | G7: Jun | H7: Jul | I7: Aug | J7: Sep | K7: Oct | L7: Nov | M7: Dec | N7: YTD Total
A8: REVENUE
A9: Service Revenue | B9: 93600 | C9: 87300 | D9: 90900 | N9: =SUM(B9:M9) -> 271800
A10: Other Revenue | N10: =SUM(B10:M10) -> 0
A11: Total Revenue | B11: =SUM(B9:B10) -> 93600 | C11: =SUM(C9:C10) -> 87300 | D11: =SUM(D9:D10) -> 90900 | E11: =SUM(E9:E10) -> 0 | F11: =SUM(F9:F10) -> 0 | G11: =SUM(G9:G10) -> 0 | H11: =SUM(H9:H10) -> 0 | I11: =SUM(I9:I10) -> 0 | ... N11: =SUM(N9:N10) -> 271800
A13: COST OF SALES
A14: Direct Labor | B14: 37440 | C14: 34920 | D14: 36360 | N14: =SUM(B14:M14) -> 108720
A15: Subcontractors / Materials | B15: 9360 | C15: 8730 | D15: 9090 | N15: =SUM(B15:M15) -> 27180
A16: Total Cost Of Sales | B16: =SUM(B14:B15) -> 46800 | C16: =SUM(C14:C15) -> 43650 | D16: =SUM(D14:D15) -> 45450 | E16: =SUM(E14:E15) -> 0 | F16: =SUM(F14:F15) -> 0 | G16: =SUM(G14:G15) -> 0 | H16: =SUM(H14:H15) -> 0 | I16: =SUM(I14:I15) -> 0 | ... N16: =SUM(N14:N15) -> 135900
A18: OPERATING EXPENSES
A19: Salaries & Wages | B19: 18720 | C19: 17460 | D19: 18180 | N19: =SUM(B19:M19) -> 54360
A20: Payroll Taxes & Benefits | B20: 4472 | C20: 4171 | D20: 4343 | N20: =SUM(B20:M20) -> 12986
A21: Rent | B21: 4680 | C21: 4365 | D21: 4545 | N21: =SUM(B21:M21) -> 13590
A22: Marketing | B22: 2600 | C22: 2425 | D22: 2525 | N22: =SUM(B22:M22) -> 7550
A23: Software | B23: 1872 | C23: 1746 | D23: 1818 | N23: =SUM(B23:M23) -> 5436
A24: Professional Fees | B24: 1560 | C24: 1455 | D24: 1515 | N24: =SUM(B24:M24) -> 4530
A25: Insurance | B25: 936 | C25: 873 | D25: 909 | N25: =SUM(B25:M25) -> 2718
A26: Other Operating | B26: 1040 | C26: 970 | D26: 1010 | N26: =SUM(B26:M26) -> 3020
A27: Total Operating Expenses | B27: =SUM(B19:B26) -> 35880 | C27: =SUM(C19:C26) -> 33465 | D27: =SUM(D19:D26) -> 34845 | E27: =SUM(E19:E26) -> 0 | F27: =SUM(F19:F26) -> 0 | G27: =SUM(G19:G26) -> 0 | H27: =SUM(H19:H26) -> 0 | I27: =SUM(I19:I26) -> 0 | ... N27: =SUM(N19:N26) -> 104190
A29: GROSS PROFIT | B29: =B11-B16 -> 46800 | C29: =C11-C16 -> 43650 | D29: =D11-D16 -> 45450 | E29: =E11-E16 -> 0 | F29: =F11-F16 -> 0 | G29: =G11-G16 -> 0 | H29: =H11-H16 -> 0 | I29: =I11-I16 -> 0 | ... N29: =N11-N16 -> 135900
A30: NET OPERATING INCOME | B30: =B29-B27 -> 10920 | C30: =C29-C27 -> 10185 | D30: =D29-D27 -> 10605 | E30: =E29-E27 -> 0 | F30: =F29-F27 -> 0 | G30: =G29-G27 -> 0 | H30: =H29-H27 -> 0 | I30: =I29-I27 -> 0 | ... N30: =N29-N27 -> 31710

Sheet Variance
A1: Budget vs. Actual Variance
A2: Bean Counter Buddy
A3: Legend: | B3: Input (edit me) | C3: Formula (auto)
A5: Actuals through month (1–12) | D5: 3 | E5: =TEXT(DATE(Budget!B5,D5,1),"mmmm") -> March
B7: SELECTED MONTH | G7: YEAR-TO-DATE | L7: FULL YEAR
A8: Line | B8: Budget | C8: Actual | D8: Var $ | E8: Var % | G8: Budget | H8: Actual | I8: Var $ | J8: Var % | L8: Budget | M8: Reforecast | N8: Var $ | O8: Var %
A9: Service Revenue | B9: =INDEX(Budget!$B9:$M9,$D$5) -> 90000 | C9: =INDEX(Actual!$B9:$M9,$D$5) -> 90900 | D9: =C9-B9 -> 900 | E9: =IFERROR(D9/ABS(B9),0) -> 0.01 | G9: =SUMPRODUCT((COLUMN(Budget!$B9:$M9)-1<=$D$5)*Budget!$B9:$M9) -> 270000 | H9: =SUMPRODUCT((COLUMN(Actual!$B9:$M9)-1<=$D$5)*Actual!$B9:$M9) -> 271800 | I9: =H9-G9 -> 1800 | J9: =IFERROR(I9/ABS(G9),0) -> 0.0066666667 | L9: =Budget!N9 -> 1080000 | M9: =H9+SUMPRODUCT((COLUMN(Budget!$B9:$M9)-1>$D$5)*Budget!$B9:$M9) -> 1081800 | N9: =M9-L9 -> 1800 | O9: =IFERROR(N9/ABS(L9),0) -> 0.0016666667
A10: Other Revenue | B10: =INDEX(Budget!$B10:$M10,$D$5) -> 0 | C10: =INDEX(Actual!$B10:$M10,$D$5) -> 0 | D10: =C10-B10 -> 0 | E10: =IFERROR(D10/ABS(B10),0) -> 0 | G10: =SUMPRODUCT((COLUMN(Budget!$B10:$M10)-1<=$D$5)*Budget!$B10:$M10) -> 0 | H10: =SUMPRODUCT((COLUMN(Actual!$B10:$M10)-1<=$D$5)*Actual!$B10:$M10) -> 0 | I10: =H10-G10 -> 0 | J10: =IFERROR(I10/ABS(G10),0) -> 0 | L10: =Budget!N10 -> 0 | M10: =H10+SUMPRODUCT((COLUMN(Budget!$B10:$M10)-1>$D$5)*Budget!$B10:$M10) -> 0 | N10: =M10-L10 -> 0 | O10: =IFERROR(N10/ABS(L10),0) -> 0
A11: Direct Labor | B11: =INDEX(Budget!$B14:$M14,$D$5) -> 36000 | C11: =INDEX(Actual!$B14:$M14,$D$5) -> 36360 | D11: =C11-B11 -> 360 | E11: =IFERROR(D11/ABS(B11),0) -> 0.01 | G11: =SUMPRODUCT((COLUMN(Budget!$B14:$M14)-1<=$D$5)*Budget!$B14:$M14) -> 108000 | H11: =SUMPRODUCT((COLUMN(Actual!$B14:$M14)-1<=$D$5)*Actual!$B14:$M14) -> 108720 | I11: =H11-G11 -> 720 | J11: =IFERROR(I11/ABS(G11),0) -> 0.0066666667 | L11: =Budget!N14 -> 432000 | M11: =H11+SUMPRODUCT((COLUMN(Budget!$B14:$M14)-1>$D$5)*Budget!$B14:$M14) -> 432720 | N11: =M11-L11 -> 720 | O11: =IFERROR(N11/ABS(L11),0) -> 0.0016666667
A12: Subcontractors / Materials | B12: =INDEX(Budget!$B15:$M15,$D$5) -> 9000 | C12: =INDEX(Actual!$B15:$M15,$D$5) -> 9090 | D12: =C12-B12 -> 90 | E12: =IFERROR(D12/ABS(B12),0) -> 0.01 | G12: =SUMPRODUCT((COLUMN(Budget!$B15:$M15)-1<=$D$5)*Budget!$B15:$M15) -> 27000 | H12: =SUMPRODUCT((COLUMN(Actual!$B15:$M15)-1<=$D$5)*Actual!$B15:$M15) -> 27180 | I12: =H12-G12 -> 180 | J12: =IFERROR(I12/ABS(G12),0) -> 0.0066666667 | L12: =Budget!N15 -> 108000 | M12: =H12+SUMPRODUCT((COLUMN(Budget!$B15:$M15)-1>$D$5)*Budget!$B15:$M15) -> 108180 | N12: =M12-L12 -> 180 | O12: =IFERROR(N12/ABS(L12),0) -> 0.0016666667
A13: Salaries & Wages | B13: =INDEX(Budget!$B19:$M19,$D$5) -> 18000 | C13: =INDEX(Actual!$B19:$M19,$D$5) -> 18180 | D13: =C13-B13 -> 180 | E13: =IFERROR(D13/ABS(B13),0) -> 0.01 | G13: =SUMPRODUCT((COLUMN(Budget!$B19:$M19)-1<=$D$5)*Budget!$B19:$M19) -> 54000 | H13: =SUMPRODUCT((COLUMN(Actual!$B19:$M19)-1<=$D$5)*Actual!$B19:$M19) -> 54360 | I13: =H13-G13 -> 360 | J13: =IFERROR(I13/ABS(G13),0) -> 0.0066666667 | L13: =Budget!N19 -> 216000 | M13: =H13+SUMPRODUCT((COLUMN(Budget!$B19:$M19)-1>$D$5)*Budget!$B19:$M19) -> 216360 | N13: =M13-L13 -> 360 | O13: =IFERROR(N13/ABS(L13),0) -> 0.0016666667
A14: Payroll Taxes & Benefits | B14: =INDEX(Budget!$B20:$M20,$D$5) -> 4300 | C14: =INDEX(Actual!$B20:$M20,$D$5) -> 4343 | D14: =C14-B14 -> 43 | E14: =IFERROR(D14/ABS(B14),0) -> 0.01 | G14: =SUMPRODUCT((COLUMN(Budget!$B20:$M20)-1<=$D$5)*Budget!$B20:$M20) -> 12900 | H14: =SUMPRODUCT((COLUMN(Actual!$B20:$M20)-1<=$D$5)*Actual!$B20:$M20) -> 12986 | I14: =H14-G14 -> 86 | J14: =IFERROR(I14/ABS(G14),0) -> 0.0066666667 | L14: =Budget!N20 -> 51600 | M14: =H14+SUMPRODUCT((COLUMN(Budget!$B20:$M20)-1>$D$5)*Budget!$B20:$M20) -> 51686 | N14: =M14-L14 -> 86 | O14: =IFERROR(N14/ABS(L14),0) -> 0.0016666667
A15: Rent | B15: =INDEX(Budget!$B21:$M21,$D$5) -> 4500 | C15: =INDEX(Actual!$B21:$M21,$D$5) -> 4545 | D15: =C15-B15 -> 45 | E15: =IFERROR(D15/ABS(B15),0) -> 0.01 | G15: =SUMPRODUCT((COLUMN(Budget!$B21:$M21)-1<=$D$5)*Budget!$B21:$M21) -> 13500 | H15: =SUMPRODUCT((COLUMN(Actual!$B21:$M21)-1<=$D$5)*Actual!$B21:$M21) -> 13590 | I15: =H15-G15 -> 90 | J15: =IFERROR(I15/ABS(G15),0) -> 0.0066666667 | L15: =Budget!N21 -> 54000 | M15: =H15+SUMPRODUCT((COLUMN(Budget!$B21:$M21)-1>$D$5)*Budget!$B21:$M21) -> 54090 | N15: =M15-L15 -> 90 | O15: =IFERROR(N15/ABS(L15),0) -> 0.0016666667
A16: Marketing | B16: =INDEX(Budget!$B22:$M22,$D$5) -> 2500 | C16: =INDEX(Actual!$B22:$M22,$D$5) -> 2525 | D16: =C16-B16 -> 25 | E16: =IFERROR(D16/ABS(B16),0) -> 0.01 | G16: =SUMPRODUCT((COLUMN(Budget!$B22:$M22)-1<=$D$5)*Budget!$B22:$M22) -> 7500 | H16: =SUMPRODUCT((COLUMN(Actual!$B22:$M22)-1<=$D$5)*Actual!$B22:$M22) -> 7550 | I16: =H16-G16 -> 50 | J16: =IFERROR(I16/ABS(G16),0) -> 0.0066666667 | L16: =Budget!N22 -> 30000 | M16: =H16+SUMPRODUCT((COLUMN(Budget!$B22:$M22)-1>$D$5)*Budget!$B22:$M22) -> 30050 | N16: =M16-L16 -> 50 | O16: =IFERROR(N16/ABS(L16),0) -> 0.0016666667
A17: Software | B17: =INDEX(Budget!$B23:$M23,$D$5) -> 1800 | C17: =INDEX(Actual!$B23:$M23,$D$5) -> 1818 | D17: =C17-B17 -> 18 | E17: =IFERROR(D17/ABS(B17),0) -> 0.01 | G17: =SUMPRODUCT((COLUMN(Budget!$B23:$M23)-1<=$D$5)*Budget!$B23:$M23) -> 5400 | H17: =SUMPRODUCT((COLUMN(Actual!$B23:$M23)-1<=$D$5)*Actual!$B23:$M23) -> 5436 | I17: =H17-G17 -> 36 | J17: =IFERROR(I17/ABS(G17),0) -> 0.0066666667 | L17: =Budget!N23 -> 21600 | M17: =H17+SUMPRODUCT((COLUMN(Budget!$B23:$M23)-1>$D$5)*Budget!$B23:$M23) -> 21636 | N17: =M17-L17 -> 36 | O17: =IFERROR(N17/ABS(L17),0) -> 0.0016666667
A18: Professional Fees | B18: =INDEX(Budget!$B24:$M24,$D$5) -> 1500 | C18: =INDEX(Actual!$B24:$M24,$D$5) -> 1515 | D18: =C18-B18 -> 15 | E18: =IFERROR(D18/ABS(B18),0) -> 0.01 | G18: =SUMPRODUCT((COLUMN(Budget!$B24:$M24)-1<=$D$5)*Budget!$B24:$M24) -> 4500 | H18: =SUMPRODUCT((COLUMN(Actual!$B24:$M24)-1<=$D$5)*Actual!$B24:$M24) -> 4530 | I18: =H18-G18 -> 30 | J18: =IFERROR(I18/ABS(G18),0) -> 0.0066666667 | L18: =Budget!N24 -> 18000 | M18: =H18+SUMPRODUCT((COLUMN(Budget!$B24:$M24)-1>$D$5)*Budget!$B24:$M24) -> 18030 | N18: =M18-L18 -> 30 | O18: =IFERROR(N18/ABS(L18),0) -> 0.0016666667
A19: Insurance | B19: =INDEX(Budget!$B25:$M25,$D$5) -> 900 | C19: =INDEX(Actual!$B25:$M25,$D$5) -> 909 | D19: =C19-B19 -> 9 | E19: =IFERROR(D19/ABS(B19),0) -> 0.01 | G19: =SUMPRODUCT((COLUMN(Budget!$B25:$M25)-1<=$D$5)*Budget!$B25:$M25) -> 2700 | H19: =SUMPRODUCT((COLUMN(Actual!$B25:$M25)-1<=$D$5)*Actual!$B25:$M25) -> 2718 | I19: =H19-G19 -> 18 | J19: =IFERROR(I19/ABS(G19),0) -> 0.0066666667 | L19: =Budget!N25 -> 10800 | M19: =H19+SUMPRODUCT((COLUMN(Budget!$B25:$M25)-1>$D$5)*Budget!$B25:$M25) -> 10818 | N19: =M19-L19 -> 18 | O19: =IFERROR(N19/ABS(L19),0) -> 0.0016666667
A20: Other Operating | B20: =INDEX(Budget!$B26:$M26,$D$5) -> 1000 | C20: =INDEX(Actual!$B26:$M26,$D$5) -> 1010 | D20: =C20-B20 -> 10 | E20: =IFERROR(D20/ABS(B20),0) -> 0.01 | G20: =SUMPRODUCT((COLUMN(Budget!$B26:$M26)-1<=$D$5)*Budget!$B26:$M26) -> 3000 | H20: =SUMPRODUCT((COLUMN(Actual!$B26:$M26)-1<=$D$5)*Actual!$B26:$M26) -> 3020 | I20: =H20-G20 -> 20 | J20: =IFERROR(I20/ABS(G20),0) -> 0.0066666667 | L20: =Budget!N26 -> 12000 | M20: =H20+SUMPRODUCT((COLUMN(Budget!$B26:$M26)-1>$D$5)*Budget!$B26:$M26) -> 12020 | N20: =M20-L20 -> 20 | O20: =IFERROR(N20/ABS(L20),0) -> 0.0016666667
A22: Total Revenue | B22: =INDEX(Budget!$B11:$M11,$D$5) -> 90000 | C22: =INDEX(Actual!$B11:$M11,$D$5) -> 90900 | D22: =C22-B22 -> 900 | E22: =IFERROR(D22/ABS(B22),0) -> 0.01 | G22: =SUMPRODUCT((COLUMN(Budget!$B11:$M11)-1<=$D$5)*Budget!$B11:$M11) -> 270000 | H22: =SUMPRODUCT((COLUMN(Actual!$B11:$M11)-1<=$D$5)*Actual!$B11:$M11) -> 271800 | I22: =H22-G22 -> 1800 | J22: =IFERROR(I22/ABS(G22),0) -> 0.0066666667 | L22: =Budget!N11 -> 1080000 | M22: =H22+SUMPRODUCT((COLUMN(Budget!$B11:$M11)-1>$D$5)*Budget!$B11:$M11) -> 1081800 | N22: =M22-L22 -> 1800 | O22: =IFERROR(N22/ABS(L22),0) -> 0.0016666667
A23: Total Cost of Sales | B23: =INDEX(Budget!$B16:$M16,$D$5) -> 45000 | C23: =INDEX(Actual!$B16:$M16,$D$5) -> 45450 | D23: =C23-B23 -> 450 | E23: =IFERROR(D23/ABS(B23),0) -> 0.01 | G23: =SUMPRODUCT((COLUMN(Budget!$B16:$M16)-1<=$D$5)*Budget!$B16:$M16) -> 135000 | H23: =SUMPRODUCT((COLUMN(Actual!$B16:$M16)-1<=$D$5)*Actual!$B16:$M16) -> 135900 | I23: =H23-G23 -> 900 | J23: =IFERROR(I23/ABS(G23),0) -> 0.0066666667 | L23: =Budget!N16 -> 540000 | M23: =H23+SUMPRODUCT((COLUMN(Budget!$B16:$M16)-1>$D$5)*Budget!$B16:$M16) -> 540900 | N23: =M23-L23 -> 900 | O23: =IFERROR(N23/ABS(L23),0) -> 0.0016666667
A24: Gross Profit | B24: =INDEX(Budget!$B29:$M29,$D$5) -> 45000 | C24: =INDEX(Actual!$B29:$M29,$D$5) -> 45450 | D24: =C24-B24 -> 450 | E24: =IFERROR(D24/ABS(B24),0) -> 0.01 | G24: =SUMPRODUCT((COLUMN(Budget!$B29:$M29)-1<=$D$5)*Budget!$B29:$M29) -> 135000 | H24: =SUMPRODUCT((COLUMN(Actual!$B29:$M29)-1<=$D$5)*Actual!$B29:$M29) -> 135900 | I24: =H24-G24 -> 900 | J24: =IFERROR(I24/ABS(G24),0) -> 0.0066666667 | L24: =Budget!N29 -> 540000 | M24: =H24+SUMPRODUCT((COLUMN(Budget!$B29:$M29)-1>$D$5)*Budget!$B29:$M29) -> 540900 | N24: =M24-L24 -> 900 | O24: =IFERROR(N24/ABS(L24),0) -> 0.0016666667
A25: Total Operating Expenses | B25: =INDEX(Budget!$B27:$M27,$D$5) -> 34500 | C25: =INDEX(Actual!$B27:$M27,$D$5) -> 34845 | D25: =C25-B25 -> 345 | E25: =IFERROR(D25/ABS(B25),0) -> 0.01 | G25: =SUMPRODUCT((COLUMN(Budget!$B27:$M27)-1<=$D$5)*Budget!$B27:$M27) -> 103500 | H25: =SUMPRODUCT((COLUMN(Actual!$B27:$M27)-1<=$D$5)*Actual!$B27:$M27) -> 104190 | I25: =H25-G25 -> 690 | J25: =IFERROR(I25/ABS(G25),0) -> 0.0066666667 | L25: =Budget!N27 -> 414000 | M25: =H25+SUMPRODUCT((COLUMN(Budget!$B27:$M27)-1>$D$5)*Budget!$B27:$M27) -> 414690 | N25: =M25-L25 -> 690 | O25: =IFERROR(N25/ABS(L25),0) -> 0.0016666667
A26: Net Operating Income | B26: =INDEX(Budget!$B30:$M30,$D$5) -> 10500 | C26: =INDEX(Actual!$B30:$M30,$D$5) -> 10605 | D26: =C26-B26 -> 105 | E26: =IFERROR(D26/ABS(B26),0) -> 0.01 | G26: =SUMPRODUCT((COLUMN(Budget!$B30:$M30)-1<=$D$5)*Budget!$B30:$M30) -> 31500 | H26: =SUMPRODUCT((COLUMN(Actual!$B30:$M30)-1<=$D$5)*Actual!$B30:$M30) -> 31710 | I26: =H26-G26 -> 210 | J26: =IFERROR(I26/ABS(G26),0) -> 0.0066666667 | L26: =Budget!N30 -> 126000 | M26: =H26+SUMPRODUCT((COLUMN(Budget!$B30:$M30)-1>$D$5)*Budget!$B30:$M30) -> 126210 | N26: =M26-L26 -> 210 | O26: =IFERROR(N26/ABS(L26),0) -> 0.0016666667

Sheet Reforecast
A1: Rolling Reforecast (Actuals + Remaining Budget)
A2: Bean Counter Buddy
A3: Legend: | B3: Input (edit me) | C3: Formula (auto)
A5: Actuals through month | C5: =Variance!D5 -> 3
A6: ="" | B6: =IF(1<=$C$5,"Actual","Budget") -> Actual | C6: =IF(2<=$C$5,"Actual","Budget") -> Actual | D6: =IF(3<=$C$5,"Actual","Budget") -> Actual | E6: =IF(4<=$C$5,"Actual","Budget") -> Budget | F6: =IF(5<=$C$5,"Actual","Budget") -> Budget | G6: =IF(6<=$C$5,"Actual","Budget") -> Budget | H6: =IF(7<=$C$5,"Actual","Budget") -> Budget | I6: =IF(8<=$C$5,"Actual","Budget") -> Budget | J6: =IF(9<=$C$5,"Actual","Budget") -> Budget | K6: =IF(10<=$C$5,"Actual","Budget") -> Budget | L6: =IF(11<=$C$5,"Actual","Budget") -> Budget | M6: =IF(12<=$C$5,"Actual","Budget") -> Budget
A7: ($) | B7: Jan | C7: Feb | D7: Mar | E7: Apr | F7: May | G7: Jun | H7: Jul | I7: Aug | J7: Sep | K7: Oct | L7: Nov | M7: Dec | N7: FY Forecast
A8: REVENUE
A9: Service Revenue | B9: =IF(1<=$C$5,Actual!B9,Budget!B9) -> 93600 | C9: =IF(2<=$C$5,Actual!C9,Budget!C9) -> 87300 | D9: =IF(3<=$C$5,Actual!D9,Budget!D9) -> 90900 | E9: =IF(4<=$C$5,Actual!E9,Budget!E9) -> 90000 | F9: =IF(5<=$C$5,Actual!F9,Budget!F9) -> 90000 | G9: =IF(6<=$C$5,Actual!G9,Budget!G9) -> 90000 | H9: =IF(7<=$C$5,Actual!H9,Budget!H9) -> 90000 | I9: =IF(8<=$C$5,Actual!I9,Budget!I9) -> 90000 | J9: =IF(9<=$C$5,Actual!J9,Budget!J9) -> 90000 | K9: =IF(10<=$C$5,Actual!K9,Budget!K9) -> 90000 | L9: =IF(11<=$C$5,Actual!L9,Budget!L9) -> 90000 | M9: =IF(12<=$C$5,Actual!M9,Budget!M9) -> 90000 | N9: =SUM(B9:M9) -> 1081800
A10: Other Revenue | B10: =IF(1<=$C$5,Actual!B10,Budget!B10) -> 0 | C10: =IF(2<=$C$5,Actual!C10,Budget!C10) -> 0 | D10: =IF(3<=$C$5,Actual!D10,Budget!D10) -> 0 | E10: =IF(4<=$C$5,Actual!E10,Budget!E10) -> 0 | F10: =IF(5<=$C$5,Actual!F10,Budget!F10) -> 0 | G10: =IF(6<=$C$5,Actual!G10,Budget!G10) -> 0 | H10: =IF(7<=$C$5,Actual!H10,Budget!H10) -> 0 | I10: =IF(8<=$C$5,Actual!I10,Budget!I10) -> 0 | J10: =IF(9<=$C$5,Actual!J10,Budget!J10) -> 0 | K10: =IF(10<=$C$5,Actual!K10,Budget!K10) -> 0 | L10: =IF(11<=$C$5,Actual!L10,Budget!L10) -> 0 | M10: =IF(12<=$C$5,Actual!M10,Budget!M10) -> 0 | N10: =SUM(B10:M10) -> 0
A11: Total Revenue | B11: =IF(1<=$C$5,Actual!B11,Budget!B11) -> 93600 | C11: =IF(2<=$C$5,Actual!C11,Budget!C11) -> 87300 | D11: =IF(3<=$C$5,Actual!D11,Budget!D11) -> 90900 | E11: =IF(4<=$C$5,Actual!E11,Budget!E11) -> 90000 | F11: =IF(5<=$C$5,Actual!F11,Budget!F11) -> 90000 | G11: =IF(6<=$C$5,Actual!G11,Budget!G11) -> 90000 | H11: =IF(7<=$C$5,Actual!H11,Budget!H11) -> 90000 | I11: =IF(8<=$C$5,Actual!I11,Budget!I11) -> 90000 | J11: =IF(9<=$C$5,Actual!J11,Budget!J11) -> 90000 | K11: =IF(10<=$C$5,Actual!K11,Budget!K11) -> 90000 | L11: =IF(11<=$C$5,Actual!L11,Budget!L11) -> 90000 | M11: =IF(12<=$C$5,Actual!M11,Budget!M11) -> 90000 | N11: =SUM(B11:M11) -> 1081800
A13: COST OF SALES
A14: Direct Labor | B14: =IF(1<=$C$5,Actual!B14,Budget!B14) -> 37440 | C14: =IF(2<=$C$5,Actual!C14,Budget!C14) -> 34920 | D14: =IF(3<=$C$5,Actual!D14,Budget!D14) -> 36360 | E14: =IF(4<=$C$5,Actual!E14,Budget!E14) -> 36000 | F14: =IF(5<=$C$5,Actual!F14,Budget!F14) -> 36000 | G14: =IF(6<=$C$5,Actual!G14,Budget!G14) -> 36000 | H14: =IF(7<=$C$5,Actual!H14,Budget!H14) -> 36000 | I14: =IF(8<=$C$5,Actual!I14,Budget!I14) -> 36000 | J14: =IF(9<=$C$5,Actual!J14,Budget!J14) -> 36000 | K14: =IF(10<=$C$5,Actual!K14,Budget!K14) -> 36000 | L14: =IF(11<=$C$5,Actual!L14,Budget!L14) -> 36000 | M14: =IF(12<=$C$5,Actual!M14,Budget!M14) -> 36000 | N14: =SUM(B14:M14) -> 432720
A15: Subcontractors / Materials | B15: =IF(1<=$C$5,Actual!B15,Budget!B15) -> 9360 | C15: =IF(2<=$C$5,Actual!C15,Budget!C15) -> 8730 | D15: =IF(3<=$C$5,Actual!D15,Budget!D15) -> 9090 | E15: =IF(4<=$C$5,Actual!E15,Budget!E15) -> 9000 | F15: =IF(5<=$C$5,Actual!F15,Budget!F15) -> 9000 | G15: =IF(6<=$C$5,Actual!G15,Budget!G15) -> 9000 | H15: =IF(7<=$C$5,Actual!H15,Budget!H15) -> 9000 | I15: =IF(8<=$C$5,Actual!I15,Budget!I15) -> 9000 | J15: =IF(9<=$C$5,Actual!J15,Budget!J15) -> 9000 | K15: =IF(10<=$C$5,Actual!K15,Budget!K15) -> 9000 | L15: =IF(11<=$C$5,Actual!L15,Budget!L15) -> 9000 | M15: =IF(12<=$C$5,Actual!M15,Budget!M15) -> 9000 | N15: =SUM(B15:M15) -> 108180
A16: Total Cost Of Sales | B16: =IF(1<=$C$5,Actual!B16,Budget!B16) -> 46800 | C16: =IF(2<=$C$5,Actual!C16,Budget!C16) -> 43650 | D16: =IF(3<=$C$5,Actual!D16,Budget!D16) -> 45450 | E16: =IF(4<=$C$5,Actual!E16,Budget!E16) -> 45000 | F16: =IF(5<=$C$5,Actual!F16,Budget!F16) -> 45000 | G16: =IF(6<=$C$5,Actual!G16,Budget!G16) -> 45000 | H16: =IF(7<=$C$5,Actual!H16,Budget!H16) -> 45000 | I16: =IF(8<=$C$5,Actual!I16,Budget!I16) -> 45000 | J16: =IF(9<=$C$5,Actual!J16,Budget!J16) -> 45000 | K16: =IF(10<=$C$5,Actual!K16,Budget!K16) -> 45000 | L16: =IF(11<=$C$5,Actual!L16,Budget!L16) -> 45000 | M16: =IF(12<=$C$5,Actual!M16,Budget!M16) -> 45000 | N16: =SUM(B16:M16) -> 540900
A18: OPERATING EXPENSES
A19: Salaries & Wages | B19: =IF(1<=$C$5,Actual!B19,Budget!B19) -> 18720 | C19: =IF(2<=$C$5,Actual!C19,Budget!C19) -> 17460 | D19: =IF(3<=$C$5,Actual!D19,Budget!D19) -> 18180 | E19: =IF(4<=$C$5,Actual!E19,Budget!E19) -> 18000 | F19: =IF(5<=$C$5,Actual!F19,Budget!F19) -> 18000 | G19: =IF(6<=$C$5,Actual!G19,Budget!G19) -> 18000 | H19: =IF(7<=$C$5,Actual!H19,Budget!H19) -> 18000 | I19: =IF(8<=$C$5,Actual!I19,Budget!I19) -> 18000 | J19: =IF(9<=$C$5,Actual!J19,Budget!J19) -> 18000 | K19: =IF(10<=$C$5,Actual!K19,Budget!K19) -> 18000 | L19: =IF(11<=$C$5,Actual!L19,Budget!L19) -> 18000 | M19: =IF(12<=$C$5,Actual!M19,Budget!M19) -> 18000 | N19: =SUM(B19:M19) -> 216360
A20: Payroll Taxes & Benefits | B20: =IF(1<=$C$5,Actual!B20,Budget!B20) -> 4472 | C20: =IF(2<=$C$5,Actual!C20,Budget!C20) -> 4171 | D20: =IF(3<=$C$5,Actual!D20,Budget!D20) -> 4343 | E20: =IF(4<=$C$5,Actual!E20,Budget!E20) -> 4300 | F20: =IF(5<=$C$5,Actual!F20,Budget!F20) -> 4300 | G20: =IF(6<=$C$5,Actual!G20,Budget!G20) -> 4300 | H20: =IF(7<=$C$5,Actual!H20,Budget!H20) -> 4300 | I20: =IF(8<=$C$5,Actual!I20,Budget!I20) -> 4300 | J20: =IF(9<=$C$5,Actual!J20,Budget!J20) -> 4300 | K20: =IF(10<=$C$5,Actual!K20,Budget!K20) -> 4300 | L20: =IF(11<=$C$5,Actual!L20,Budget!L20) -> 4300 | M20: =IF(12<=$C$5,Actual!M20,Budget!M20) -> 4300 | N20: =SUM(B20:M20) -> 51686
A21: Rent | B21: =IF(1<=$C$5,Actual!B21,Budget!B21) -> 4680 | C21: =IF(2<=$C$5,Actual!C21,Budget!C21) -> 4365 | D21: =IF(3<=$C$5,Actual!D21,Budget!D21) -> 4545 | E21: =IF(4<=$C$5,Actual!E21,Budget!E21) -> 4500 | F21: =IF(5<=$C$5,Actual!F21,Budget!F21) -> 4500 | G21: =IF(6<=$C$5,Actual!G21,Budget!G21) -> 4500 | H21: =IF(7<=$C$5,Actual!H21,Budget!H21) -> 4500 | I21: =IF(8<=$C$5,Actual!I21,Budget!I21) -> 4500 | J21: =IF(9<=$C$5,Actual!J21,Budget!J21) -> 4500 | K21: =IF(10<=$C$5,Actual!K21,Budget!K21) -> 4500 | L21: =IF(11<=$C$5,Actual!L21,Budget!L21) -> 4500 | M21: =IF(12<=$C$5,Actual!M21,Budget!M21) -> 4500 | N21: =SUM(B21:M21) -> 54090
A22: Marketing | B22: =IF(1<=$C$5,Actual!B22,Budget!B22) -> 2600 | C22: =IF(2<=$C$5,Actual!C22,Budget!C22) -> 2425 | D22: =IF(3<=$C$5,Actual!D22,Budget!D22) -> 2525 | E22: =IF(4<=$C$5,Actual!E22,Budget!E22) -> 2500 | F22: =IF(5<=$C$5,Actual!F22,Budget!F22) -> 2500 | G22: =IF(6<=$C$5,Actual!G22,Budget!G22) -> 2500 | H22: =IF(7<=$C$5,Actual!H22,Budget!H22) -> 2500 | I22: =IF(8<=$C$5,Actual!I22,Budget!I22) -> 2500 | J22: =IF(9<=$C$5,Actual!J22,Budget!J22) -> 2500 | K22: =IF(10<=$C$5,Actual!K22,Budget!K22) -> 2500 | L22: =IF(11<=$C$5,Actual!L22,Budget!L22) -> 2500 | M22: =IF(12<=$C$5,Actual!M22,Budget!M22) -> 2500 | N22: =SUM(B22:M22) -> 30050
A23: Software | B23: =IF(1<=$C$5,Actual!B23,Budget!B23) -> 1872 | C23: =IF(2<=$C$5,Actual!C23,Budget!C23) -> 1746 | D23: =IF(3<=$C$5,Actual!D23,Budget!D23) -> 1818 | E23: =IF(4<=$C$5,Actual!E23,Budget!E23) -> 1800 | F23: =IF(5<=$C$5,Actual!F23,Budget!F23) -> 1800 | G23: =IF(6<=$C$5,Actual!G23,Budget!G23) -> 1800 | H23: =IF(7<=$C$5,Actual!H23,Budget!H23) -> 1800 | I23: =IF(8<=$C$5,Actual!I23,Budget!I23) -> 1800 | J23: =IF(9<=$C$5,Actual!J23,Budget!J23) -> 1800 | K23: =IF(10<=$C$5,Actual!K23,Budget!K23) -> 1800 | L23: =IF(11<=$C$5,Actual!L23,Budget!L23) -> 1800 | M23: =IF(12<=$C$5,Actual!M23,Budget!M23) -> 1800 | N23: =SUM(B23:M23) -> 21636
A24: Professional Fees | B24: =IF(1<=$C$5,Actual!B24,Budget!B24) -> 1560 | C24: =IF(2<=$C$5,Actual!C24,Budget!C24) -> 1455 | D24: =IF(3<=$C$5,Actual!D24,Budget!D24) -> 1515 | E24: =IF(4<=$C$5,Actual!E24,Budget!E24) -> 1500 | F24: =IF(5<=$C$5,Actual!F24,Budget!F24) -> 1500 | G24: =IF(6<=$C$5,Actual!G24,Budget!G24) -> 1500 | H24: =IF(7<=$C$5,Actual!H24,Budget!H24) -> 1500 | I24: =IF(8<=$C$5,Actual!I24,Budget!I24) -> 1500 | J24: =IF(9<=$C$5,Actual!J24,Budget!J24) -> 1500 | K24: =IF(10<=$C$5,Actual!K24,Budget!K24) -> 1500 | L24: =IF(11<=$C$5,Actual!L24,Budget!L24) -> 1500 | M24: =IF(12<=$C$5,Actual!M24,Budget!M24) -> 1500 | N24: =SUM(B24:M24) -> 18030
A25: Insurance | B25: =IF(1<=$C$5,Actual!B25,Budget!B25) -> 936 | C25: =IF(2<=$C$5,Actual!C25,Budget!C25) -> 873 | D25: =IF(3<=$C$5,Actual!D25,Budget!D25) -> 909 | E25: =IF(4<=$C$5,Actual!E25,Budget!E25) -> 900 | F25: =IF(5<=$C$5,Actual!F25,Budget!F25) -> 900 | G25: =IF(6<=$C$5,Actual!G25,Budget!G25) -> 900 | H25: =IF(7<=$C$5,Actual!H25,Budget!H25) -> 900 | I25: =IF(8<=$C$5,Actual!I25,Budget!I25) -> 900 | J25: =IF(9<=$C$5,Actual!J25,Budget!J25) -> 900 | K25: =IF(10<=$C$5,Actual!K25,Budget!K25) -> 900 | L25: =IF(11<=$C$5,Actual!L25,Budget!L25) -> 900 | M25: =IF(12<=$C$5,Actual!M25,Budget!M25) -> 900 | N25: =SUM(B25:M25) -> 10818
A26: Other Operating | B26: =IF(1<=$C$5,Actual!B26,Budget!B26) -> 1040 | C26: =IF(2<=$C$5,Actual!C26,Budget!C26) -> 970 | D26: =IF(3<=$C$5,Actual!D26,Budget!D26) -> 1010 | E26: =IF(4<=$C$5,Actual!E26,Budget!E26) -> 1000 | F26: =IF(5<=$C$5,Actual!F26,Budget!F26) -> 1000 | G26: =IF(6<=$C$5,Actual!G26,Budget!G26) -> 1000 | H26: =IF(7<=$C$5,Actual!H26,Budget!H26) -> 1000 | I26: =IF(8<=$C$5,Actual!I26,Budget!I26) -> 1000 | J26: =IF(9<=$C$5,Actual!J26,Budget!J26) -> 1000 | K26: =IF(10<=$C$5,Actual!K26,Budget!K26) -> 1000 | L26: =IF(11<=$C$5,Actual!L26,Budget!L26) -> 1000 | M26: =IF(12<=$C$5,Actual!M26,Budget!M26) -> 1000 | N26: =SUM(B26:M26) -> 12020
A27: Total Operating Expenses | B27: =IF(1<=$C$5,Actual!B27,Budget!B27) -> 35880 | C27: =IF(2<=$C$5,Actual!C27,Budget!C27) -> 33465 | D27: =IF(3<=$C$5,Actual!D27,Budget!D27) -> 34845 | E27: =IF(4<=$C$5,Actual!E27,Budget!E27) -> 34500 | F27: =IF(5<=$C$5,Actual!F27,Budget!F27) -> 34500 | G27: =IF(6<=$C$5,Actual!G27,Budget!G27) -> 34500 | H27: =IF(7<=$C$5,Actual!H27,Budget!H27) -> 34500 | I27: =IF(8<=$C$5,Actual!I27,Budget!I27) -> 34500 | J27: =IF(9<=$C$5,Actual!J27,Budget!J27) -> 34500 | K27: =IF(10<=$C$5,Actual!K27,Budget!K27) -> 34500 | L27: =IF(11<=$C$5,Actual!L27,Budget!L27) -> 34500 | M27: =IF(12<=$C$5,Actual!M27,Budget!M27) -> 34500 | N27: =SUM(B27:M27) -> 414690
A29: GROSS PROFIT | B29: =IF(1<=$C$5,Actual!B29,Budget!B29) -> 46800 | C29: =IF(2<=$C$5,Actual!C29,Budget!C29) -> 43650 | D29: =IF(3<=$C$5,Actual!D29,Budget!D29) -> 45450 | E29: =IF(4<=$C$5,Actual!E29,Budget!E29) -> 45000 | F29: =IF(5<=$C$5,Actual!F29,Budget!F29) -> 45000 | G29: =IF(6<=$C$5,Actual!G29,Budget!G29) -> 45000 | H29: =IF(7<=$C$5,Actual!H29,Budget!H29) -> 45000 | I29: =IF(8<=$C$5,Actual!I29,Budget!I29) -> 45000 | J29: =IF(9<=$C$5,Actual!J29,Budget!J29) -> 45000 | K29: =IF(10<=$C$5,Actual!K29,Budget!K29) -> 45000 | L29: =IF(11<=$C$5,Actual!L29,Budget!L29) -> 45000 | M29: =IF(12<=$C$5,Actual!M29,Budget!M29) -> 45000 | N29: =SUM(B29:M29) -> 540900
A30: NET OPERATING INCOME | B30: =IF(1<=$C$5,Actual!B30,Budget!B30) -> 10920 | C30: =IF(2<=$C$5,Actual!C30,Budget!C30) -> 10185 | D30: =IF(3<=$C$5,Actual!D30,Budget!D30) -> 10605 | E30: =IF(4<=$C$5,Actual!E30,Budget!E30) -> 10500 | F30: =IF(5<=$C$5,Actual!F30,Budget!F30) -> 10500 | G30: =IF(6<=$C$5,Actual!G30,Budget!G30) -> 10500 | H30: =IF(7<=$C$5,Actual!H30,Budget!H30) -> 10500 | I30: =IF(8<=$C$5,Actual!I30,Budget!I30) -> 10500 | J30: =IF(9<=$C$5,Actual!J30,Budget!J30) -> 10500 | K30: =IF(10<=$C$5,Actual!K30,Budget!K30) -> 10500 | L30: =IF(11<=$C$5,Actual!L30,Budget!L30) -> 10500 | M30: =IF(12<=$C$5,Actual!M30,Budget!M30) -> 10500 | N30: =SUM(B30:M30) -> 126210
